 Dungeon Crawl Stone Soup version 0.21-a0-528-gf531e82 (webtiles) character file.

261 Amnesiac the Shooter (level 5, -6/41 HPs)
             Began as a Mummy Hunter on Dec 8, 2017.
             Mangled by a gnoll
             ... wielding a +0 flail
              (10 damage)
             ... on level 3 of the Dungeon.
             The game lasted 00:04:13 (2401 turns).

Amnesiac the Shooter (Mummy Hunter)                 Turns: 2401, Time: 00:04:13

Health: -6/41      AC:  7    Str: 17    XL:     5   Next: 96%
Magic:  5/5        EV: 11    Int: 10    God:
Gold:   126        SH:  0    Dex: 12    Spells: 4/4 levels left

rFire    x . .     SeeInvis .   b - +0 scimitar
rCold    + . .     Gourm    .   (no shield)
rNeg     + + +     Faith    .   g - +2 ring mail {rN+}
rPois    ∞         Spirit   .   (no helmet)
rElec    .         Reflect  .   (no cloak)
rCorr    .         Harm     .   (no gloves)
MR       .....     Rnd*Tele +   (no boots)
Stlth    +.........             (no amulet)
HPRegen  0.13/turn              n - ring of teleportation (curse)
MPRegen  0.09/turn              (no ring)

@: no status effects
A: no food or potions, fire vulnerability, cold resistance 1, negative energy
resistance 3, torment resistance, unbreathing
a: no special abilities


You were on level 3 of the Dungeon.
You were not hungry.

You visited 1 branch of the dungeon, and saw 3 of its levels.

You collected 126 gold pieces.

Inventory:

Hand Weapons
 a - a +1 shortbow
 b - a +0 scimitar (weapon)
 h - a +0 short sword
Missiles
 d - 97 arrows
 e - 2 throwing nets (quivered)
 f - 27 stones
 i - 32 poisoned needles
Armour
 g - a +2 ring mail of positive energy (worn)
Jewellery
 n - a cursed ring of teleportation (left hand)
Wands
 o - a wand of clouds (5)
Scrolls
 c - a scroll of fear {!r, unknown}
 j - a scroll of enchant weapon {!r, unknown}
Books
 l - a book of Cantrips

   Spells                             Type                      Level
   a - Confusing Touch                Hexes                        1
   b - Animate Skeleton               Necromancy                   1
   c - Summon Small Mammal            Summoning                    1
   d - Apportation                    Translocation                1


   Skills:
 + Level 3.1 Fighting
 * Level 4.1 Bows
 + Level 2.6 Armour
 + Level 2.4 Dodging
 - Level 1.6 Stealth


You had 4 spell levels left.
You didn't know any spells.

Dungeon Overview and Level Annotations

Branches:
Dungeon (3/15)

Altars:
Elyvilon
Gozag
Makhleb
Zin


Innate Abilities, Weirdness & Mutations

You do not eat or drink.
Your flesh is vulnerable to fire.
You are immune to poison.
Your flesh is cold resistant. (rC+)
You are immune to negative energy. (rN+++)
You are immune to unholy pain and torment.
You can survive without breathing.


Message History

The gnoll hits you with a flail.
* * * LOW HITPOINT WARNING * * *
You barely miss the gnoll.
The gnoll hits you from afar with a spear.
* * * LOW HITPOINT WARNING * * *
The worker ant waves its antennae.
The gnoll closely misses you. The gnoll barely misses you.
You hit the gnoll.
The gnoll is lightly wounded.
The gnoll hits you with a flail.
* * * LOW HITPOINT WARNING * * *
The worker ant waves its antennae.
The gnoll hits you from afar with a spear.
* * * LOW HITPOINT WARNING * * *
Unknown command.
The gnoll closely misses you.
The worker ant waves its antennae.
A leopard gecko comes into view.
The leopard gecko hisses angrily.
The gnoll barely misses you.
You riposte.
You barely miss the gnoll.
The gnoll is lightly wounded.
You barely miss the gnoll.
The gnoll is lightly wounded.
The gnoll barely misses you.
The worker ant waves its antennae.
The leopard gecko bites you but does no damage.
You miss the leopard gecko. The leopard gecko closely misses you.
The gnoll hits you with a flail.
* * * LOW HITPOINT WARNING * * *
The leopard gecko closely misses you.
You hit the leopard gecko but do no damage.
The gnoll hits you from afar with a spear.
* * * LOW HITPOINT WARNING * * *
The gnoll hits you with a flail.
* * * LOW HITPOINT WARNING * * *
The leopard gecko closely misses you. The gnoll hits you but does no damage.
The worker ant waves its antennae.
You barely miss the leopard gecko. The leopard gecko closely misses you.
The gnoll barely misses you.
The gnoll hits you from afar with a spear.
* * * LOW HITPOINT WARNING * * *
The leopard gecko barely misses you.
You riposte.
You closely miss the leopard gecko.
Unknown command.
You miss the leopard gecko. The gnoll hits you with a flail.
* * * LOW HITPOINT WARNING * * *
The gnoll barely misses you.
The leopard gecko bites you but does no damage.
The gnoll hits you from afar with a spear.
* * * LOW HITPOINT WARNING * * *
Unknown command.
Really read
m - a scroll labeled LAS BOIHUNIEX {!r}?
As you read the scroll labeled LAS BOIHUNIEX {!r}, it crumbles to dust.
It is a scroll of amnesia.
You feel forgetful for a moment. The leopard gecko bites you.
* * * LOW HITPOINT WARNING * * *
The gnoll completely misses you. The leopard gecko barely misses you.
You riposte.
You closely miss the leopard gecko. The gnoll hits you but does no damage.
Really read
k - a scroll labeled SUPNIE JUAPHUR {!r}?
As you read the scroll labeled SUPNIE JUAPHUR {!r}, it crumbles to dust.
The creatures around you are filled with an inner flame!
It was a scroll of immolation {!r}.
The gnoll hits you with a flail!
You die...

# #. #..# #. #.
#..####### #.##.
#..#.....# #...%#
#..#.###.###
#...######...........
#...........#.###....
#....########.....###
####l# ####### #@#
#g# ## #g# #.
########a# #.
........g# #
########.# ###. #.#
#... #.##### #...
#.....# #..


You could see a worker ant (inner flame), 3 gnolls and a leopard gecko (inner
flame).

Vanquished Creatures
  An ogre (D:2)
  Jessica (D:2)
  Terence (D:2)
  A gnoll (D:3)
  6 adders
  An ooze (D:2)
  A worm (D:2)
  3 dart slugs
  3 leopard geckos
  An orc (D:3)
  A ball python (D:1)
  2 bats (D:2)
  5 goblins
  4 hobgoblins
  3 jackals (D:3)
  A quokka (D:2)
  2 frilled lizards
  11 kobolds
  5 rats
53 creatures vanquished.

Notes
Turn   | Place    | Note
-------+----------+-------------------------------------------
     0 | D:1      | Amnesiac the Mummy Hunter began the quest for the Orb.
     0 | D:1      | Reached XP level 1. HP: 16/16 MP: 1/1
    97 | D:1      | Reached skill level 1 in Stealth
   303 | D:1      | Reached XP level 2. HP: 18/22 MP: 2/2
  1095 | D:2      | Noticed Terence
  1109 | D:2      | Killed Terence
  1109 | D:2      | Reached XP level 3. HP: 27/28 MP: 3/3
  1195 | D:2      | Reached skill level 1 in Armour
  1195 | D:2      | Reached XP level 4. HP: 27/34 MP: 4/4
  1293 | D:2      | Found an opulent altar of Gozag.
  1368 | D:2      | Found a burning altar of Makhleb.
  1369 | D:2      | Noticed Jessica
  1387 | D:2      | Killed Jessica
  1414 | D:2      | Found a white marble altar of Elyvilon.
  1655 | D:2      | Reached XP level 5. HP: 39/39 MP: 5/5
  1691 | D:2      | Noticed an ogre
  1978 | D:2      | Killed an ogre
  1978 | D:2      | Reached skill level 4 in Bows
  2242 | D:3      | Found a glowing silver altar of Zin.
  2401 | D:3      | Mangled by a gnoll

Vault maps used:
D:1:      dpeg_arrival_central, minmay_misc_feat_rows, lemuel_another_geyser
D:2:      cheibrodos_helix_gallery, old_standard_altar, elyvilon_altar_4,
          nicolae_gozag_seed_capital, uniq_jessica, uniq_terence
D:3:      nicolae_overflow_crystal_walls, serial_glass, glass_columns_a,
          glass_columns_c, first_bread

Skill      XL: |  1  2  3  4  5 |
---------------+----------------+-----
Stealth        | 1 |  1.6
Dodging        | 2 |  2.4
Armour         | 1 2 |  2.6
Fighting       | 3 |  3.1
Bows           | 4 |  4.1

Action                   |  1- 3 |  4- 6 || total
-------------------------+-------+-------++-------
Melee: Short sword       |    53 |       ||    53
       Scimitar          |    13 |   145 ||   158
 Fire: Shortbow          |    14 |       ||    14
  Use: Scroll            |       |     2 ||     2
 Stab: Sleeping          |     1 |     1 ||     2
       Distracted        |       |     1 ||     1
Armor: Leather armour    |     6 |       ||     6
       Scale mail        |     8 |       ||     8
       Ring mail         |     9 |    74 ||    83
Dodge: Dodged            |    48 |   114 ||   162
       Rpst.: Scimitar   |     3 |    30 ||    33

Table legend:
 A = Spawn XP
 B = Non-spawn XP
 C = Spawn XP percentage of total XP
 D = Spawn monster count
 E = Non-spawn monster count
 F = Spawn count percentage of total count
 G = Total turns spent on level
                    A         B        C        D         E        F      G
               +---------+---------+-------+---------+---------+-------+---------
         Total |       0 |     374 |   0.0 |       0 |      53 |   0.0 |  2401
               +---------+---------+-------+---------+---------+-------+---------
           D:1 |       0 |      24 |   0.0 |       0 |      13 |   0.0 |  1022
           D:2 |       0 |     308 |   0.0 |       0 |      30 |   0.0 |  1152
           D:3 |       0 |      42 |   0.0 |       0 |      10 |   0.0 |   227
               +---------+---------+-------+---------+---------+-------+---------
